 Seeded DCSS version 0.29.1-15-g9cfb28693d (webtiles) character file.

Game seed: 6320845443627075161 (custom seed)

58 Psyclone the Firebug (level 3, -3/19 HPs)
             Began as a Deep Elf Fire Elementalist on Sept 23, 2023.
             Killed from afar by an orc wizard (10 damage)
             ... with a magic dart
             ... on level 3 of the Dungeon.
             The game lasted 00:02:26 (1817 turns).

Psyclone the Firebug (Deep Elf Fire Elementalist)   Turns: 1817, Time: 00:02:27

Health: -3/19      AC:  3    Str:  5    XL:     3   Next: 76%
Magic:  16/18      EV: 12    Int: 21    God:
Gold:   93         SH:  0    Dex: 15    Spells: 7/8 levels left

rFire   . . .      SeeInvis .   d - +0 dagger
rCold   . . .      Faith    .   (no shield)
rNeg    . . .      Spirit   .   a - +0 robe
rPois   .          Reflect  .   m - +1 hat {Stlth+}
rElec   .          Harm     .   (no cloak)
rCorr   .          Rampage  .   (no gloves)
Will    .....                   (no boots)
Stlth   +++.......              (no amulet)
HPRegen 0.06/turn               q - ring of magical power
MPRegen 0.16/turn               (no ring)

@: no status effects
A: no striking features
a: no special abilities


You were on level 3 of the Dungeon.
You visited 1 branch of the dungeon, and saw 3 of its levels.

You collected 93 gold pieces.

Inventory:

Hand Weapons
 d - a +0 dagger (weapon)
Armour
 a - a +0 robe (worn)
 m - a +1 hat of stealth (worn)
Magical Staves
 h - a staff of air
Jewellery
 q - a ring of magical power (left hand)
Wands
 o - a wand of flame (13)
Scrolls
 c - 2 scrolls of teleportation {unknown}
 e - 2 scrolls of magic mapping {unknown}
 l - a scroll of acquirement {unknown}
 n - 2 scrolls of vulnerability {unknown}
 p - a scroll of identify {unknown}
Potions
 b - a potion of magic
 f - a potion of resistance {unknown}
 g - 2 potions of curing {unknown}
 i - a potion of haste {unknown}
 j - a potion of brilliance {unknown}
 k - a potion of flight {unknown}


   Skills:
 - Level 2.4 Dodging
 - Level 2.4 Stealth
 - Level 3.0 Spellcasting
 - Level 1.1 Conjurations
 + Level 5.2 Fire Magic


You had 7 spell levels left.
You knew the following spells:

 Your Spells              Type           Power      Damage    Failure   Level
a - Foxfire               Conj/Fire      64%        2x1d7     3%          1

Your spell library contained the following spells:

 Spells                   Type           Power      Damage    Failure   Level
 Scorch                   Fire           50%        2d7       2%          2
 Conjure Flame            Conj/Fire      16%        6-21      11%         3
 Freeze                   Ice            12%        1d4       13%         1
 Inner Flame              Hex/Fire       14%        N/A       14%         3
 Flame Wave               Conj/Fire      16%        2d7       34%         4
 Frozen Ramparts          Ice            6%         1d1       36%         3
 Hailstorm                Conj/Ice       5%         3d4       71%         4


Dungeon Overview and Level Annotations

Branches:
Dungeon (3/15) Zot: 16183

Altars:

Shops:
D:2 :


Message History

The orc wizard is severely wounded.
The orc wizard casts a spell.
The orc wizard flickers and vanishes!
Deactivating autopickup; reactivate with Ctrl-A.
Casting: Foxfire (safe; 3% risk of failure)
Confirm with . or Enter, or press ? or * to list all spells.
You conjure some foxfire!
Something hits you but does no damage.
You now have 15/18 mp.
The foxfire hits something but does no damage.
The foxfire hits something.
You hear some strange, mumbled words.
A magic dart appears from out of thin air!
The magic dart hits you.
You take 6 damage, and have 13/19 hp.
MASSIVE DAMAGE!!
Casting: Foxfire (safe; 3% risk of failure)
Confirm with . or Enter, or press ? or * to list all spells.
You conjure some foxfire!
You hear some strange, mumbled words.
You are confused.
You now have 15/18 mp.
The foxfire hits something but does no damage.
The foxfire hits something.
Something hits you.
You take 1 damage, and have 12/19 hp.
You're too confused to cast spells.
Something hits you but does no damage.
You're too confused to cast spells.
Something hits you but does no damage.
You're too confused to cast spells.
You're too confused to cast spells.
Something hits you.
A magic dart appears from out of thin air!
The magic dart hits you.
You take 6 damage, and have 6/19 hp.
MASSIVE DAMAGE!!
You barely miss something.
You feel less confused.
You hear some strange, mumbled words.
A magic dart appears from out of thin air!
The magic dart hits you!
Ouch! That really hurt!
You die...

..#.# #.#.# #.
#.#..#.# #.#.# #.
##(#..#.# #.#.#
.......# #.#.#
###....### ##.#.#
......# ##...)#
#....#####.#.#.#
#....<.....)...#
#.@.#####.#.#.#
####.{.######...##
................##
....!..##########
#####..# #... ##.#
#.# #.


There were no monsters in sight!

Vanquished Creatures
  An orc priest (D:3)
  An adder (D:2)
  2 dart slugs (D:2)
  2 orcs (D:3)
  A ball python (D:1)
  3 goblins
  2 kobolds (D:3)
  3 bats
  2 rats
17 creatures vanquished.

Vanquished Creatures (others)
  96 foxfires
96 creatures vanquished.

Grand Total: 113 creatures vanquished

Notes
Turn   | Place    | Note
-------+----------+-------------------------------------------
     0 | D:1      | Psyclone the Deep Elf Fire Elementalist began the quest for
                  | the Orb.
     0 | D:1      | Reached XP level 1. HP: 10/10 MP: 6/6
   803 | D:2      | Found a faded altar of an unknown god.
   818 | D:2      | Reached XP level 2. HP: 15/15 MP: 2/8
   917 | D:2      | Reached skill level 4 in Fire Magic
  1289 | D:2      | Found Weil's Book Boutique.
  1573 | D:3      | Reached skill level 5 in Fire Magic
  1573 | D:3      | Reached XP level 3. HP: 13/19 MP: 9/9
  1817 | D:3      | Killed from afar by an orc wizard

Illustrated notes

Levels and vault maps discovered:
D:1:      dpeg_arrival_lava_temple_mockup, layout_basic
D:2:      layout_loops_ring, shapermc_ecumenical_altar_starsandcircs,
          serial_shops, nicolae_shop_window_shopping
D:3:      layout_loops_ring, pdpol_wu_jian_five_deadly_venoms, corexii_shack,
          uniq_crazy_yiuf_cottage

Skill      XL: |  1  2 |
---------------+-------+-----
Fire Magic     | 5 |  5.2
Dodging        | |  2.4
Stealth        | |  2.4
Spellcasting   | |  3.0
Conjurations   | |  1.1

Action                   || total
-------------------------++-------
Melee: Dagger            ||     1
 Cast: Foxfire           ||    61
Armor: Robe              ||     5
Dodge: Dodged            ||     4
